 Dungeon Crawl Stone Soup version 0.31-a0-167-g1c394c0614 (webtiles) character file.

Game seed: 7110420151879504348

119 qw the Shooter (level 5, -5/32 HPs)
             Began as a Gargoyle Hunter on June 14, 2023.
             Slain by Terence
             ... wielding a +0 hand axe
              (10 damage)
             ... on level 3 of the Dungeon.
             The game lasted 00:01:02 (2384 turns).

qw the Shooter (Gargoyle Hunter)                    Turns: 2384, Time: 00:01:03

Health: -5/32      AC:  0    Str: 15    XL:     5   Next: 3%
Magic:  5/5        EV: 14    Int:  9    God:
Gold:   111        SH:  0    Dex: 15    Spells: 4/4 levels left

rFire   . . .        Y - melded +0 shortbow
rCold   . . .        (shield currently unavailable)
rNeg    + . .        j - melded +0 ring mail
rPois   inf          (helmet currently unavailable)
rElec   .            (cloak currently unavailable)
rCorr   .            (gloves currently unavailable)
SInv    .            (boots currently unavailable)
Will    .....        (no amulet)
Stlth   ++           h - melded ring of see invisible
HPRegen 0.25/turn    l - melded ring of protection from fire
MPRegen 0.09/turn

%: no passive effects
@: pig-form (expiring), very quick
A: fast, no casting, sickness immunity, AC +4, small, negative energy resistance
1, (electricity resistance), torment resistance 1, petrification resistance
a: no special abilities


You were on level 3 of the Dungeon.
You were a filthy swine.
You visited 1 branch of the dungeon, and saw 3 of its levels.

You collected 111 gold pieces.


Innate Abilities, Weirdness & Mutations

You are a filthy swine.
You move quickly.
Your equipment is almost entirely melded.
You are incapable of wielding weapons or throwing items.
You cannot cast spells.
You are immune to sickness and miasma.
((Your stone body is resilient. (AC +4)))
You are immune to poison.
You resist negative energy. (rN+)
((You are resistant to electric shocks. (rElec)))
You are resistant to unholy torment.
You are immune to petrification.


   Skills:
 - Level 3.5 Fighting
 + Level 5.4 Ranged Weapons
 - Level 1.0 Armour
 - Level 1.5 Dodging
 - Level 1.1 Stealth


You had 4 spell levels left.
You didn't know any spells.
Your spell library was empty.

Inventory:

Hand Weapons
 Y - a +0 shortbow (melded)
Armour
 j - a +0 ring mail (melded)
Jewellery
 h - a ring of see invisible (melded)
 l - a ring of protection from fire (melded)
Scrolls
 a - a scroll of identify
 g - a scroll of enchant weapon {unknown}
 k - a scroll of vulnerability {unknown}
Potions
 b - a potion of magic {unknown}
 c - 2 potions of haste {unknown}
 d - 2 potions of curing
 e - 2 potions of attraction
 f - a potion of degeneration {unknown}
 i - a potion of heal wounds {unknown}
 m - a potion of might

Dungeon Overview and Level Annotations

Branches:
Dungeon (3/15)

Altars:

Annotations:
D:3 Terence


Message History

Terence is lightly wounded.
Terence closely misses you.
You hit Terence but do no damage.
Terence is lightly wounded.
Terence barely misses you.
You closely miss Terence.
Terence is lightly wounded.
Terence hits you with a +0 hand axe!
You hit Terence.
Terence is moderately wounded.
Terence hits you with a +0 hand axe!
You barely miss Terence.
Terence is moderately wounded.
The adder misses you. Terence misses you.
You hit Terence but do no damage.
Terence is moderately wounded.
The adder misses you. Terence closely misses you.
You hit Terence but do no damage.
Terence is moderately wounded.
The adder closely misses you. Terence hits you with a +0 hand axe.
The adder closely misses you.
You hit Terence.
Terence is heavily wounded.
The adder closely misses you. Terence misses you.
You hit Terence but do no damage.
Terence is heavily wounded.
Your transformation is almost over.
The adder bites you. Terence barely misses you.
You hit Terence.
Terence is severely wounded.
The adder misses you.
Terence shouts, "DIE!!!"
Terence misses you.
You barely miss Terence.
Terence is severely wounded.
The adder bites you.
You completely miss Terence.
Terence is severely wounded.
The adder bites you. Terence hits you with a +0 hand axe!
You die...

### #.. #.#
#.# #####
######.#######
....#
#............#
....#
#......S....$#
....#
#.....h@.....#
....#
######.##.....
....# #.# ###
....# ######
#.##.# ....#
#....# #.##.#
....# #....#
#.##%# ....#
#....# #.##.#
....# #....#
#.##.# ....#
#....# #.##.#


You could see Terence and an adder.

Vanquished Creatures
  A scorpion zombie (D:2)
  2 adders (D:3)
  An adder zombie (D:2)
  An adder skeleton (D:2)
  3 dart slugs
  7 bats
  2 bat zombies (D:2)
  5 endoplasms
  A giant cockroach (D:1)
  5 goblins
  5 hobgoblins
  5 jackals
  5 kobolds
  3 quokkas
  2 ball pythons (D:1)
  2 ball python skeletons (D:2)
  3 frilled lizards
  A quokka skeleton (D:2)
  8 rats
62 creatures vanquished.

Notes
Turn   | Place    | Note
-------+----------+-------------------------------------------
     0 | D:1      | qw the Gargoyle Hunter began the quest for the Orb.
     0 | D:1      | Reached XP level 1. HP: 12/12 MP: 1/1
     0 | D:1      | 0 ||| qw: Version: 0.2-a-29-g1fa15c8
     0 | D:1      | 0 ||| qw: Game counter: 5061
     0 | D:1      | 0 ||| qw: Always use a shield: true
     0 | D:1      | 0 ||| qw: God list: Okawaru
     0 | D:1      | 0 ||| qw: Allow faded altars: false
     0 | D:1      | 0 ||| qw: Do Orc after D:15 true
     0 | D:1      | 0 ||| qw: Do second Lair branch before Depths: true
     0 | D:1      | 0 ||| qw: Lair rune preference: random
     0 | D:1      | 0 ||| qw: Plans: Normal, Zot:1-4, Slime:5, God:TSO, Crypt,
                  | Tomb, Abyss, Pan, Hells, Win
     0 | D:1      | 0 ||| PLANNING D:1-11
   141 | D:1      | 141 ||| FLEEEEING.
   151 | D:1      | 151 ||| FLEEEEING.
   152 | D:1      | 152 ||| FLEEEEING.
   153 | D:1      | 153 ||| FLEEEEING.
   154 | D:1      | 154 ||| FLEEEEING.
   164 | D:1      | Reached XP level 2. HP: 17/17 MP: 2/2
   291 | D:1      | Found a faded altar of an unknown god.
   591 | D:1      | Reached XP level 3. HP: 21/21 MP: 3/3
   613 | D:1      | Reached skill level 5 in Ranged Weapons
   908 | D:1      | 908 ||| UPGRADING to ring of see invisible.
   909 | D:1      | 909 ||| READING scroll labelled KEUNAMP NAID.
   910 | D:1      | 910 ||| DRINKING 2 fizzy yellow potions.
   911 | D:1      | 911 ||| DROPPING scroll of butterflies.
  1277 | D:2      | Reached skill level 3 in Fighting
  1277 | D:2      | Reached XP level 4. HP: 16/28 MP: 4/4
  1631 | D:2      | 1631 ||| UPGRADING to +0 ring mail.
  1641 | D:2      | 1641 ||| DROPPING +0 leather armour.
  1642 | D:2      | 1642 ||| DROPPING ring of flight.
  1643 | D:2      | 1643 ||| UPGRADING to ring of protection from fire.
  1644 | D:2      | 1644 ||| READING 2 scrolls labelled ISESAW FEVE.
  1645 | D:2      | 1645 ||| READING scroll labelled OTHIQI SIVITA.
  1646 | D:2      | 1646 ||| READING scroll labelled BYTOKE QUIXUNU.
  1649 | D:2      | 1649 ||| DRINKING 3 white potions.
  1650 | D:2      | 1650 ||| DRINKING 2 lumpy orange potions.
  1651 | D:2      | 1651 ||| DRINKING 2 lumpy inky potions.
  1652 | D:2      | 1652 ||| DROPPING potion of brilliance.
  1734 | D:3      | Reached skill level 1 in Armour
  2106 | D:3      | Reached XP level 5. HP: 32/32 MP: 5/5
  2367 | D:3      | Noticed Terence
  2383 | D:3      | HP: 8/32 [adder (4)]
  2384 | D:3      | Slain by Terence

Levels and vault maps discovered:
D:1:      amcnicky_arrival_abandoned_market, layout_loops_corners,
          hellmonk_ecumenical_altar_arch_garden
D:2:      layout_loops_cross, serial_undead, serial_undead_f, serial_undead_c,
          serial_undead_f, serial_undead_d, serial_undead_b, serial_undead_b,
          serial_undead_a
D:3:      layout_basic, uniq_terence

Skill      XL: |  1  2  3  4 |
---------------+-------------+-----
Ranged Weapons | 5 |  5.4
Fighting       | 3 |  3.5
Armour         | 1 |  1.0
Dodging        | |  1.5
Stealth        | |  1.1

Action                     |  1- 3 |  4- 6 || total
---------------------------+-------+-------++-------
  Melee: Unarmed           |       |    13 ||    13
   Fire: Shortbow          |   130 |   105 ||   235
    Use: Scroll            |     1 |     3 ||     4
         Potion            |     1 |     3 ||     4
 Armour: Leather armour    |    23 |     7 ||    30
         Ring mail         |       |    17 ||    17
  Dodge: Dodged            |    42 |    47 ||    89

Table legend:
 A = Non-vault XP
 B = Vault XP
 C = Vault XP percentage of total XP
 D = Non-vault monster count
 E = Vault monster count
 F = Vault count percentage of total count
                 A         B        C        D         E       F
            +---------+---------+-------+---------+---------+-------
      Total |     117 |      54 |  31.6 |      54 |       8 |  12.9
            +---------+---------+-------+---------+---------+-------
        D:1 |      39 |       0 |   0.0 |      21 |       0 |   0.0
        D:2 |      29 |      54 |  65.1 |      17 |       8 |  32.0
        D:3 |      49 |       0 |   0.0 |      16 |       0 |   0.0
            +---------+---------+-------+---------+---------+-------
